 Dungeon Crawl Stone Soup version 0.21-a0-509-gecc5317 (webtiles) character file.

8610 Roak the Grappler (level 11, 0/96 HPs)
             Began as a Troll Wizard on Nov 29, 2017.
             Was a Priest of Hepliaklqana.
             Succumbed to a spiny frog's poison
             ... on level 1 of the Lair of Beasts.
             The game lasted 01:02:43 (10402 turns).

Roak the Grappler (Troll Wizard)                   Turns: 10402, Time: 01:02:44

Health: 0/96       AC:  6    Str: 17    XL:     11   Next: 12%
Magic:  1/14       EV: 10    Int: 14    God:    Hepliaklqana [***...]
Gold:   809        SH:  0    Dex: 11    Spells: 10/16 levels left

rFire    . . .     SeeInvis +     - Unarmed
rCold    . . .     Gourm    +   (no shield)
rNeg     . . .     Faith    .   a - +0 robe
rPois    .         Spirit   +   u - +1 hat
rElec    .         Reflect  .   (no cloak)
rCorr    .         Harm     .   (gloves unavailable)
MR       .....                  (boots unavailable)
Stlth    +.........             w - amulet of guardian spirit
HPRegen  0.66/turn              s - ring of see invisible
MPRegen  0.14/turn              q - ring of flight

@: lethally poisoned (0 -> -7)
A: large, unfitting armour, reduced essence, claws 3, fast metabolism 3,
gourmand, regeneration 1, shaggy fur 1, tough skin 2
a: Recall Ancestor, Ancestor Identity, Transference, Renounce Religion, Evoke
Flight


You were on level 1 of the Lair of Beasts.
You worshipped Hepliaklqana.
Hepliaklqana was most pleased with you.
You were very full.

You visited 3 branches of the dungeon, and saw 13 of its levels.

You collected 844 gold pieces.
You spent 35 gold pieces at shops.

Inventory:

Hand Weapons
 b - a +1 blowgun
Missiles
 m - 7 tomahawks (quivered)
 J - 8 exploding tomahawks
 S - 53 poisoned needles
Armour
 a - a +0 robe (worn)
 u - a +1 hat (worn)
Jewellery
 h - an uncursed ring of ice
 q - a ring of flight (right claw)
 s - a ring of see invisible (left claw)
 w - an amulet of guardian spirit (around neck)
Wands
 t - a wand of acid (9)
 y - a wand of polymorph (28)
 E - a wand of paralysis (12)
 L - a wand of clouds (7)
 Q - a wand of flame (25)
 R - a wand of scattershot (7)
Scrolls
 e - 2 scrolls of blinking
 f - 4 scrolls of teleportation
 g - 7 scrolls of remove curse
 l - a scroll of fog {unknown}
 r - 2 scrolls of enchant armour
 v - 3 scrolls of magic mapping
 F - 2 scrolls of immolation
 G - 3 scrolls of enchant weapon
 I - a scroll of fear
 M - a scroll of noise {unknown}
 U - 3 scrolls of identify
Potions
 j - a potion of might {unknown}
 k - a potion of ambrosia
 n - 2 potions of flight
 z - 2 potions of haste
 B - 2 potions of brilliance
 C - a potion of agility {unknown}
 D - a potion of degeneration {unknown}
 H - a potion of resistance {unknown}
 N - 2 potions of magic {unknown}
Comestibles
 c - 3 chunks of flesh
 d - 8 bread rations
 i - 16 fruits
 o - 4 royal jellies
 p - 5 meat rations


   Skills:
 + Level 6.7 Fighting
 + Level 4.0 Throwing
 - Level 1.5 Dodging
 - Level 1.0 Stealth
 + Level 9.3 Unarmed Combat
 - Level 3.0 Spellcasting
 + Level 6.9 Conjurations
   Level 0.6 Summonings
 - Level 1.1 Translocations
 - Level 2.0 Air Magic
 - Level 3.0 Poison Magic


You had 10 spell levels left.
You knew the following spells:

 Your Spells              Type           Power        Failure   Level  Hunger
a - Magic Dart            Conj           ###.         1%          1    #......
b - Blink                 Tloc           N/A          21%         2    ##.....
c - Mephitic Cloud        Conj/Pois/Air  ##......     12%         3    ###....


Dungeon Overview and Level Annotations

Branches:
Dungeon (11/15)            Temple (1/1) D:6            Lair (1/6) D:9
    Orc: D:9-12

Altars:
Ashenzari
Cheibriados
Dithmenos
Elyvilon
Fedhas
Gozag
Hepliaklqana
Kikubaaqudgha
Makhleb
Nemelex Xobeh
Okawaru
Qazlal
Ru
Sif Muna
Trog
Uskayaw
Vehumet
Wu Jian
Xom
Yredelemnul
Zin
The Shining One

Shops:
D:6 %   D:8 :*   D:10 *

Portals:
Trove: D:10 (give 7 potions of haste)

Annotations:
D:7 Dustman's ghost, novice HuGl


Innate Abilities, Weirdness & Mutations

You are too large for most types of armour.
You have claws for hands.
Your metabolism is lightning-fast.
You like to eat raw meat.
Your natural rate of healing is unusually fast.
You are covered in fur. (AC +1)
You have very tough skin. (AC +2)
Your life essence is reduced to manifest your ancestor. (-10% HP)


Message History

You feel sick.
You feel sick.
The spiny frog is no longer moving slowly.
The spiny frog stings you.
You feel sick. The spiny frog stings you!
You are more poisoned.
The spiny frog poisons you!
You feel sick.
You feel sick.
You feel sick.
You feel sick. The spiny frog stings you!
* * * LOW HITPOINT WARNING * * *
You are more poisoned.
The spiny frog poisons you!
You feel sick.
As you read the scroll of magic mapping, it crumbles to dust.
You feel aware of your surroundings.
You feel sick. The spiny frog stings you!
* * * LOW HITPOINT WARNING * * *
You die...

#....###........#
##...##.#P#.....###
####..#.#####....###.
#P...≈.## ##...≈≈..
##...≈≈♣# ##.≈≈≈≈≈≈
#..P≈≈≈# #.≈≈≈≈≈≈≈
#..FF≈≈# #.≈≈≈≈≈≈≈
#P..≈..#####≈≈≈≈≈≈≈≈
##.@##......≈≈≈≈.>≈≈
##.......#..≈≈≈...≈
#.##.P##...≈≈≈≈≈≈≈
#....P###..≈≈≈≈≈≈≈
##.#.## ##≈.≈≈≈≈≈≈
#....# ###.≈.≈..
#..### ##≈....
#..#### ###....#P ###
#.....# #........


You could see 2 spiny frogs.

Vanquished Creatures
  A two-headed ogre (D:8)
  A guardian mummy (D:10)
  4 blink frogs (Lair:1)
  6 yaks
  A wyvern (D:11)
  A wraith (D:5)
  2 water moccasins
  3 orc warriors
  3 porcupines (Lair:1)
  A black bear (D:8)
  2 phantoms
  4 ogres
  11 wolves
  6 centaurs
  2 crocodiles (Lair:1)
  5 bullfrogs
  A gnoll sergeant (D:5)
  3 scorpions
  7 killer bees
  3 crimson imps
  A quasit (D:10)
  2 jellies
  A centaur zombie (D:10)
  5 orc wizards
  3 orc priests
  A hound (D:7)
  3 iguanas
  5 worker ants
  Terence (D:3)
  A hound zombie (D:2)
  4 adders
  8 gnolls
  3 shadow imps
  2 oozes
  A dart slug (D:3)
  6 leopard geckos
  25 orcs
  A ball python (D:4)
  3 giant cockroaches
  6 goblins
  4 hobgoblins
  5 jackals
  7 kobolds
  5 quokkas
  9 bats
  3 frilled lizards
  A leopard gecko skeleton (D:8)
  A quokka skeleton (D:7)
  7 rats
191 creatures vanquished.

Vanquished Creatures (collateral kills)
  A yak (D:10)
  A porcupine (Lair:1)
  An ice beast (D:8)
  2 sky beasts
  3 wolves
  A crocodile (Lair:1)
  A bullfrog (Lair:1)
  5 killer bees
  3 wights (D:6)
  A crimson imp (D:6)
  A hound (D:8)
  2 orc priests
  An orc wizard (D:7)
  A worker ant zombie (D:7)
  2 gnolls (D:5)
  5 orcs
  2 jackals (D:6)
33 creatures vanquished.

Vanquished Creatures (others)
  2 hexers (Lair:1)
  5 ancestors
7 creatures vanquished.

Grand Total: 231 creatures vanquished

Notes
Turn   | Place    | Note
-------+----------+-------------------------------------------
     0 | D:1      | Roak the Troll Wizard began the quest for the Orb.
     0 | D:1      | Reached XP level 1. HP: 16/16 MP: 2/2
    31 | D:1      | Reached skill level 1 in Unarmed Combat
    46 | D:1      | Reached skill level 2 in Unarmed Combat
    46 | D:1      | Reached XP level 2. HP: 9/24 MP: 4/4
   548 | D:1      | Reached XP level 3. HP: 30/31 MP: 5/5
   810 | D:2      | Reached skill level 3 in Unarmed Combat
   934 | D:2      | Learned a level 2 spell: Blink
  1163 | D:2      | Reached XP level 4. HP: 36/39 MP: 6/6
  1632 | D:3      | Noticed Terence
  1647 | D:3      | Killed Terence
  1647 | D:3      | Reached skill level 4 in Unarmed Combat
  1999 | D:3      | Reached XP level 5. HP: 6/45 MP: 7/7
  2460 | D:4      | Noticed an ogre
  2475 | D:4      | Killed an ogre
  2475 | D:4      | Reached skill level 5 in Unarmed Combat
  2646 | D:4      | Reached XP level 6. HP: 51/54 MP: 8/8
  2712 | D:4      | Found a stormy altar of Qazlal.
  2867 | D:4      | Found a basalt altar of Yredelemnul.
  2908 | D:5      | Entered Level 5 of the Dungeon
  2918 | D:5      | Reached skill level 1 in Conjurations
  2930 | D:5      | Reached skill level 1 in Translocations
  2937 | D:5      | Reached skill level 1 in Fighting
  3054 | D:5      | Found a hazy altar of Hepliaklqana.
  3065 | D:5      | Became a worshipper of Hepliaklqana the Forgotten
  3101 | D:5      | Found a radiant altar of Vehumet.
  3157 | D:5      | Noticed a wraith
  3181 | D:5      | Killed a wraith
  3181 | D:5      | Reached XP level 7. HP: 28/56 MP: 1/9
  3186 | D:5      | Learned a level 3 spell: Mephitic Cloud
  3510 | D:5      | Found a shimmering altar of Xom.
  3513 | D:5      | Found a shimmering altar of Xom.
  3660 | D:5      | Found a burning altar of Makhleb.
  3660 | D:5      | Found a shimmering altar of Xom.
  3804 | D:6      | Reached skill level 1 in Poison Magic
  3813 | D:6      | Found an opulent altar of Gozag.
  3886 | D:6      | Found Umaxkupn's Food Shop.
  3926 | D:6      | Reached skill level 1 in Air Magic
  4003 | D:6      | Reached XP level 8. HP: 66/66 MP: 11/11
  4082 | D:6      | Reached * piety under Hepliaklqana
  4222 | D:6      | Found a staircase to the Ecumenical Temple.
  4389 | Temple   | Entered the Ecumenical Temple
  5315 | D:7      | Noticed Dustman's ghost (novice HuGl)
  5530 | D:6      | Reached skill level 6 in Unarmed Combat
  5778 | D:7      | Reached XP level 9. HP: 51/75 MP: 8/12
  5850 | D:7      | Found an ancient bone altar of Kikubaaqudgha.
  5855 | D:7      | Found a glowing silver altar of Zin.
  6567 | D:8      | Noticed a two-headed ogre
  6574 | D:8      | Killed a two-headed ogre
  6574 | D:8      | Reached skill level 7 in Unarmed Combat
  6574 | D:8      | Reached skill level 5 in Conjurations
  6689 | D:8      | Found a sacrificial altar of Ru.
  6734 | D:8      | Reached ** piety under Hepliaklqana
  6735 | D:8      | Remembered your ancestor Wolf as a hexer
  6737 | D:8      | Found Leclixke's Book Shop.
  6999 | D:8      | Found Keocoh's General Store.
  7003 | D:8      | Bought a scroll of magic mapping for 35 gold pieces
  7247 | D:8      | Reached skill level 5 in Fighting
  7712 | D:9      | Found a white marble altar of Elyvilon.
  7785 | D:9      | Reached XP level 10. HP: 86/86 MP: 13/13
  7976 | D:9      | Reached skill level 8 in Unarmed Combat
  8199 | D:9      | Found a staircase to the Lair.
  8593 | D:10     | Entered Level 10 of the Dungeon
  8669 | D:10     | Reached *** piety under Hepliaklqana
  8674 | D:10     | Found Bishi's General Store.
  8830 | D:10     | Reached skill level 1 in Throwing
  9215 | D:10     | Found a portal to a secret trove of treasure.
  9380 | Lair:1   | Entered Level 1 of the Lair of Beasts
  9603 | Lair:1   | Reached skill level 9 in Unarmed Combat
  9840 | Lair:1   | Reached XP level 11. HP: 51/96 MP: 3/14
 10401 | Lair:1   | HP: 1/96 [spiny frog (9)]
 10402 | Lair:1   | Succumbed to a spiny frog's poison

Vault maps used:
D:1:      roderic_chinese_lattice_arrival, serial_glass, glass_columns_a,
          glass_columns_b
D:3:      uniq_terence
D:4:      lemuel_coloured_pillars_altar, lemuel_round_altar,
          serial_corexii_hall, corexii_hall_statues_i, corexii_hall_statues_s,
          first_bread
D:5:      nicolae_overflow_crystal_walls,
          grunt_temple_overflow_champion_of_chaos, basic_altar,
          hangedman_abyss_or_decor_stagger, xom_redecorated
D:6:      minmay_cornered_nines, marbit_many_paths, minmay_temple_entry_fiery,
          serial_shops, shop
D:7:      gammafunk_temple_overflow_statue
D:8:      kennysheep_mini, serial_shops, shop, shop
D:9:      elyvilon_altar_4, lair_entry_dummy
D:10:     serial_shops, nicolae_shop_stone, nicolae_trove_entry_path_of_doom
D:11:     orc_0_dummy, serial_shops, shop
Temple:   nicolae_temple_hex_pool
Lair:1:   small_statue_intersection, serial_bayou_pond_d, minivault_11,
          beast_lair_carwin_2, infiniplex_staircase_pool_2

Skill      XL: |  1  2  3  4  5  6  7  8  9 10 11 |
---------------+----------------------------------+-----
Unarmed Combat | 2 3 4 5 6 7 9 |  9.3
Conjurations   | 1 2 4 5 6 |  6.9
Translocations | 1 |  1.1
Fighting       | 1 2 3 5 6 |  6.7
Poison Magic   | 1 3 |  3.0
Air Magic      | 1 2 |  2.0
Spellcasting   | 3 |  3.0
Throwing       | 3 4 |  4.0
Dodging        | |  1.5
Stealth        | |  1.0
Summonings     | |  0.6

Action                   |  1- 3 |  4- 6 |  7- 9 | 10-12 || total
-------------------------+-------+-------+-------+-------++-------
Melee: Unarmed           |    96 |   121 |   322 |   201 ||   740
       Punch             |       |     3 |     8 |     3 ||    14
Throw: Tomahawk          |       |    17 |    36 |    42 ||    95
 Cast: Magic Dart        |    19 |       |       |       ||    19
       Mephitic Cloud    |       |       |     6 |    11 ||    17
Invok: Recall Ancestor   |       |       |     3 |     1 ||     4
       Ancestor Life: He |       |       |     1 |       ||     1
  Use: Potion            |       |     2 |     2 |     2 ||     6
       Scroll            |       |       |    14 |     1 ||    15
 Stab: Sleeping          |     1 |     2 |     4 |       ||     7
       Confused          |       |       |     5 |     6 ||    11
       Distracted        |       |       |     2 |     2 ||     4
  Eat: Chunk             |    17 |    17 |    45 |    25 ||   104
Armor: Robe              |    54 |    12 |    74 |    31 ||   171
Dodge: Dodged            |    45 |    45 |   146 |    98 ||   334

Table legend:
 A = Spawn XP
 B = Non-spawn XP
 C = Spawn XP percentage of total XP
 D = Spawn monster count
 E = Non-spawn monster count
 F = Spawn count percentage of total count
 G = Total turns spent on level
                    A         B        C        D         E        F      G
               +---------+---------+-------+---------+---------+-------+---------
         Total |       0 |   12301 |   0.0 |       0 |     224 |   0.0 | 10402
               +---------+---------+-------+---------+---------+-------+---------
           D:1 |       0 |      43 |   0.0 |       0 |      20 |   0.0 |   739
           D:2 |       0 |      60 |   0.0 |       0 |      24 |   0.0 |   679
           D:3 |       0 |     108 |   0.0 |       0 |      13 |   0.0 |   923
           D:4 |       0 |     212 |   0.0 |       0 |       6 |   0.0 |   647
           D:5 |       0 |     607 |   0.0 |       0 |      16 |   0.0 |   801
           D:6 |       0 |    1470 |   0.0 |       0 |      28 |   0.0 |  1813
           D:7 |       0 |     622 |   0.0 |       0 |      22 |   0.0 |   770
           D:8 |       0 |    1878 |   0.0 |       0 |      23 |   0.0 |  1034
           D:9 |       0 |    1202 |   0.0 |       0 |      20 |   0.0 |  1197
          D:10 |       0 |    1800 |   0.0 |       0 |      22 |   0.0 |   729
          D:11 |       0 |     210 |   0.0 |       0 |       1 |   0.0 |     8
        Lair:1 |       0 |    4089 |   0.0 |       0 |      29 |   0.0 |   966
               +---------+---------+-------+---------+---------+-------+---------
